 Dungeon Crawl Stone Soup version 0.31-a0-216-g22e908daa7 (webtiles) character file.

Game seed: 13347877388202111005

1620 qw the Skirmisher (level 8, -1/71 HPs)
             Began as a Minotaur Hexslinger on July 2, 2023.
             Slain by a kobold brigand
             ... wielding a +0 dagger
              (2 damage)
             ... on level 7 of the Dungeon.
             The game lasted 00:02:47 (7092 turns).

qw the Skirmisher (Minotaur Hexslinger)             Turns: 7092, Time: 00:02:47

Health: -1/71      AC:  5    Str: 14    XL:     8   Next: 64%
Magic:  8/8        EV: 11    Int: 10    God:
Gold:   392        SH:  0    Dex: 14    Spells: 8/9 levels left

rFire   . . .        Y - +2 sling
rCold   . . .        (no shield)
rNeg    . . .        l - +0 ring mail
rPois   +            (helmet restricted)
rElec   .            (no cloak)
rCorr   .            (no gloves)
SInv    .            (no boots)
Will    .....        (no amulet)
Stlth   +            k - ring of poison resistance
HPRegen 0.31/turn    (no ring)
MPRegen 0.11/turn

%: no passive effects
@: about to teleport
A: horns 2, retaliatory headbutt
a: no special abilities


You were on level 7 of the Dungeon.
You visited 1 branch of the dungeon, and saw 7 of its levels.
You also visited: Sewer.

You collected 392 gold pieces.


Innate Abilities, Weirdness & Mutations

You have a pair of horns on your head.
You reflexively headbutt those who attack you in melee.


   Skills:
 + Level 6.7 Fighting
 - Level 10.0 Ranged Weapons
 - Level 2.4 Armour
 - Level 3.0 Dodging
 - Level 1.0 Spellcasting
 - Level 2.0 Hexes


You had 8 spell levels left.
You knew the following spells:

 Your Spells              Type           Power      Damage    Failure   Level
a - Slow                  Hex            16%        N/A       30%         1

Your spell library contained the following spells:

 Spells                   Type           Power      Damage    Failure   Level
 Inner Flame              Hex/Fire       2%         N/A       80%         3
 Portal Projectile        Hex/Tloc       4%         N/A       80%         3
 Cause Fear               Hex            2%         N/A       96%         4

Inventory:

Hand Weapons
 Y - a +2 sling (weapon)
Armour
 e - a +0 cloak of poison resistance
 i - the +0 cloak of Woreza {+Blink Dex+3}
   (You found it on level 3 of the Dungeon)

   Dex:       It affects your dexterity (+3).
   +Blink:    It lets you blink.
 j - a +1 pair of boots
 l - a +0 ring mail (worn)
Jewellery
 k - a ring of poison resistance (left hand)
 m - a ring of ice
Scrolls
 a - a scroll of identify
Potions
 b - 7 potions of enlightenment
 c - 4 potions of curing
 f - 2 potions of might
 o - a potion of resistance

Dungeon Overview and Level Annotations

Branches:
Dungeon (7/15)              Sewer (visited)
 Temple: D:4-7

Altars:
Dithmenos
Elyvilon
Hepliaklqana
Makhleb
Ru
Uskayaw
Wu Jian
Xom
Yredelemnul
Zin
The Shining One

Shops:
D:4 :

Annotations:
D:6 1 runed translucent door


Message History

The kobold barely misses you. x2
You shoot a sling bullet. The sling bullet hits the killer bee.
The killer bee is severely wounded.
The killer bee barely misses you. The killer bee closely misses you.
The kobold barely misses you. You furiously retaliate!
You headbutt the kobold!
You kill the kobold!
The kobold hits you but does no damage.
You shoot a sling bullet. The sling bullet hits the killer bee!
You kill the killer bee!
The killer bee stings you but does no damage.
The kobold closely misses you.
You shoot a sling bullet. The sling bullet misses the killer bee.
The sling bullet hits the killer bee.
The killer bee is lightly wounded.
The killer bee barely misses you.
The killer bee stings you but does no damage.
The kobold closely misses you.
You shoot a sling bullet. The sling bullet misses the killer bee.
The sling bullet hits the killer bee!
The killer bee is heavily wounded.
The killer bee stings you. x2; The kobold brigand barely misses you.
The kobold barely misses you.
You shoot a sling bullet.
The sling bullet hits the killer bee but does no damage.
The killer bee is moderately wounded.
The killer bee stings you. The killer bee closely misses you.
The kobold hits you but does no damage.
The kobold brigand hits you with a +0 dagger!
7091 ||| READING scroll of teleportation.
As you read the scroll of teleportation, it crumbles to dust.
You feel strangely unstable.
The killer bee stings you but does no damage.
The killer bee barely misses you. The kobold hits you with a +0 whip.
The kobold brigand hits you with a +0 dagger.
You shoot a sling bullet. The sling bullet hits the killer bee.
The killer bee is severely wounded.
The killer bee stings you but does no damage.
The killer bee stings you. The kobold hits you with a +0 whip.
The kobold brigand hits you with a +0 dagger.
You die...

.. .. .[ #.
##. . ##..
...
#..K###.....
#>KK@yyy....
#..####5....
#. ... # .
.#
####+######
#....).#


You could see a kobold brigand, 3 killer bees, a white imp and 2 kobolds.

Vanquished Creatures
  Menkaure (D:6)
  Edmund (D:6)
  A water moccasin (D:5)
  2 black bears (D:5)
  An ice beast (D:7)
  An ogre (D:5)
  A phantom (D:4)
  2 bullfrogs (D:6)
  A scorpion (D:6)
  A gnoll sergeant (D:5)
  A killer bee (D:7)
  2 hounds (D:4)
  A jelly (D:6)
  A sleepcap (D:5)
  2 iguanas (D:4)
  An orc wizard (D:4)
  Robin (D:2)
  4 gnolls
  13 adders
  4 river rats (Sewer)
  2 shadow imps (D:6)
  A white imp (D:6)
  4 worms
  10 orcs
  7 endoplasms
  8 giant cockroaches
  20 goblins
  8 hobgoblins
  10 jackals
  3 kobolds
  5 quokkas
  12 ball pythons
  17 bats
  3 frilled lizards
  A jackal zombie (D:6)
  3 rats
156 creatures vanquished.

Notes
Turn   | Place    | Note
-------+----------+-------------------------------------------
     0 | D:1      | qw the Minotaur Hexslinger began the quest for the Orb.
     0 | D:1      | Reached XP level 1. HP: 16/16 MP: 1/1
     0 | D:1      | 0 ||| qw: Version: 0.3-a-39-g4513739
     0 | D:1      | 0 ||| qw: Game counter: 7892
     0 | D:1      | 0 ||| qw: Melee chars always use a shield: true
     0 | D:1      | 0 ||| qw: God list: Okawaru
     0 | D:1      | 0 ||| qw: Allow faded altars: false
     0 | D:1      | 0 ||| qw: Do Orc after clearing Dungeon:15 true
     0 | D:1      | 0 ||| qw: Do second Lair branch before Depths: true
     0 | D:1      | 0 ||| qw: Lair rune preference: random
     0 | D:1      | 0 ||| qw: Goals: Normal
     0 | D:1      | 0 ||| PLANNING D:1-11
   148 | D:1      | Reached skill level 3 in Ranged Weapons
   148 | D:1      | Reached XP level 2. HP: 20/23 MP: 2/2
   780 | D:1      | 780 ||| UPGRADING to +0 leather armour.
   790 | D:1      | 790 ||| DROPPING +0 robe.
   791 | D:1      | 791 ||| UPGRADING to +0 ring mail.
   801 | D:1      | 801 ||| DROPPING +0 leather armour.
   802 | D:1      | 802 ||| READING 2 scrolls labelled CYMUIH DUSTRAMYI.
   803 | D:1      | 803 ||| READING scroll labelled ZAOBA ODONG.
   804 | D:1      | 804 ||| READING scroll labelled ZYIMPY GOACULU.
   805 | D:1      | 805 ||| READING scroll labelled NADAVU JAIMM.
   806 | D:1      | 806 ||| DRINKING 3 fizzy golden potions.
   807 | D:1      | 807 ||| DROPPING scroll of poison.
   861 | D:2      | Reached XP level 3. HP: 29/29 MP: 3/3
  1166 | D:2      | Found a faded altar of an unknown god.
  1211 | D:2      | Noticed Robin
  1216 | D:2      | Reached skill level 4 in Ranged Weapons
  1225 | D:2      | Killed Robin
  1226 | D:2      | Reached skill level 1 in Armour
  1234 | D:2      | Reached XP level 4. HP: 17/36 MP: 4/4
  1257 | D:2      | 1257 ||| FLEEEEING.
  1258 | D:2      | 1258 ||| STAIRDANCE
  1306 | D:1      | 1306 ||| READING scroll labelled WEOFUGREOMI.
  1307 | D:1      | 1307 ||| READING scroll labelled KAMO SEQOVVOASH.
  1312 | D:1      | 1312 ||| READING scroll labelled ATYHOC KOYDWA.
  1313 | D:1      | 1313 ||| READING scroll labelled QOSTYI APRISUS.
  1375 | D:1      | 1375 ||| DRINKING 3 fuming ruby potions.
  1376 | D:1      | 1376 ||| DRINKING 2 grey potions.
  1420 | D:1      | 1420 ||| DROPPING potion of lignification.
  1466 | D:2      | 1466 ||| STAIRDANCE
  2049 | D:2      | 2049 ||| READING 2 scrolls of identify.
  2049 | D:2      | 2049 ||| IDENTIFYING green potion
  2080 | D:3      | 2080 ||| PLANNING SEWER
  2167 | D:3      | Found a faded altar of an unknown god.
  2171 | D:3      | Found a glowing silver altar of Zin.
  2305 | D:3      | Reached skill level 5 in Ranged Weapons
  2487 | D:3      | Identified the +0 cloak of Woreza {+Blink Dex+3}
  2504 | D:3      | Found a glowing golden altar of the Shining One.
  2695 | D:3      | Reached skill level 3 in Fighting
  2695 | D:3      | Reached XP level 5. HP: 44/45 MP: 5/5
  2741 | D:3      | Found a glowing drain.
  2742 | D:3      | 2742 ||| READING scroll labelled FEKHUR FEODE.
  2748 | Sewer    | Entered a sewer
  2852 | Sewer    | 2852 ||| Stepping ~*~*~tactically~*~*~ (water).
  2925 | Sewer    | 2925 ||| Stepping ~*~*~tactically~*~*~ (water).
  2935 | Sewer    | 2935 ||| Stepping ~*~*~tactically~*~*~ (water).
  3027 | Sewer    | 3027 ||| FLEEEEING.
  3028 | Sewer    | 3028 ||| FLEEEEING.
  3177 | Sewer    | Reached skill level 6 in Ranged Weapons
  3325 | Sewer    | 3325 ||| Stepping ~*~*~tactically~*~*~ (water).
  3347 | Sewer    | Reached XP level 6. HP: 51/51 MP: 6/6
  3519 | Sewer    | 3519 ||| READING 2 scrolls labelled CANLIXZOXI.
  3520 | Sewer    | 3520 ||| READING scroll labelled NAOPPI YPUOSAW.
  3521 | Sewer    | 3521 ||| READING 2 scrolls of identify.
  3521 | Sewer    | 3521 ||| IDENTIFYING clear potion
  3522 | Sewer    | 3522 ||| DROPPING scroll of blinking.
  3545 | D:3      | 3545 ||| PLANNING D:1-11
  3650 | D:4      | 3650 ||| FLEEEEING.
  3651 | D:4      | 3651 ||| FLEEEEING.
  3653 | D:4      | 3653 ||| FLEEEEING.
  3654 | D:4      | 3654 ||| FLEEEEING.
  3655 | D:4      | 3655 ||| STAIRDANCE
  3957 | D:4      | Found a hazy altar of Hepliaklqana.
  4164 | D:4      | Found Ywaoj's Book Emporium.
  4361 | D:4      | 4361 ||| READING scroll labelled ASHEUFIRIE.
  4366 | D:5      | Entered Level 5 of the Dungeon
  4372 | D:5      | 4372 ||| STAIRDANCE
  4400 | D:5      | 4400 ||| STAIRDANCE
  4556 | D:5      | Found a burning altar of Makhleb.
  4572 | D:5      | Reached skill level 7 in Ranged Weapons
  4572 | D:5      | Reached XP level 7. HP: 35/60 MP: 7/7
  4699 | D:5      | Found a sacrificial altar of Ru.
  5054 | D:5      | HP: 1/60 [ogre/+0 giant club (25)]
  5055 | D:5      | 5055 ||| READING 4 scrolls of teleportation.
  5056 | D:5      | Reached skill level 8 in Ranged Weapons
  5479 | D:5      | Found a shadowy altar of Dithmenos.
  5668 | D:5      | Found an ornate altar of the Wu Jian Council.
  5668 | D:5      | Found a shimmering altar of Xom.
  5923 | D:5      | Reached XP level 8. HP: 28/69 MP: 8/8
  6102 | D:5      | 6102 ||| UPGRADING to ring of poison resistance.
  6103 | D:5      | 6103 ||| READING 2 scrolls of identify.
  6103 | D:5      | 6103 ||| IDENTIFYING viscous pink potion
  6104 | D:5      | 6104 ||| DROPPING potion of magic.
  6130 | D:6      | Found a white marble altar of Elyvilon.
  6153 | D:6      | Reached skill level 9 in Ranged Weapons
  6272 | D:6      | Noticed Menkaure
  6273 | D:6      | 6273 ||| FLEEEEING.
  6286 | D:6      | 6286 ||| FLEEEEING.
  6287 | D:6      | 6287 ||| FLEEEEING.
  6288 | D:6      | 6288 ||| FLEEEEING.
  6289 | D:6      | 6289 ||| STAIRDANCE
  6382 | D:6      | Killed Menkaure
  6383 | D:6      | Reached skill level 6 in Fighting
  6388 | D:6      | Identified the +0 ring mail "Paenequa" {rElec rN+ Int+4
                  | Dex-4}
  6408 | D:6      | Reached skill level 3 in Dodging
  6516 | D:6      | 6516 ||| FLEEEEING.
  6517 | D:6      | 6517 ||| FLEEEEING.
  6518 | D:6      | 6518 ||| FLEEEEING.
  6519 | D:6      | 6519 ||| FLEEEEING.
  6520 | D:6      | 6520 ||| FLEEEEING.
  6522 | D:6      | 6522 ||| FLEEEEING.
  6523 | D:6      | 6523 ||| FLEEEEING.
  6594 | D:6      | Found a hide-covered altar of Uskayaw.
  6698 | D:6      | Noticed Edmund
  6713 | D:6      | Killed Edmund
  6804 | D:6      | Found a runed translucent door.
  6809 | D:6      | Found a basalt altar of Yredelemnul.
  6876 | D:6      | 6876 ||| DROPPING +0 ring mail "Paenequa" {rElec rN+ Int+4
                  | Dex-4}.
  6877 | D:6      | 6877 ||| DRINKING 2 black potions.
  6878 | D:6      | 6878 ||| READING 2 scrolls of identify.
  6878 | D:6      | 6878 ||| IDENTIFYING metallic ruby potion
  6879 | D:6      | 6879 ||| DROPPING potion of invisibility.
  6898 | D:7      | 6898 ||| PLANNING OSSUARY
  6920 | D:7      | Reached skill level 10 in Ranged Weapons
  6992 | D:7      | HP: 12/71 [centaur/arrow (13)]
  6993 | D:7      | 6993 ||| READING 4 scrolls of teleportation.
  6993 | D:7      | HP: 3/71 [centaur/arrow (8)]
  6994 | D:7      | 6994 ||| DRINKING 3 potions of heal wounds.
  7060 | D:7      | HP: 16/71 [centaur/arrow (13)]
  7061 | D:7      | 7061 ||| READING 3 scrolls of teleportation.
  7061 | D:7      | HP: 1/71 [centaur/arrow (14)]
  7062 | D:7      | 7062 ||| DRINKING 2 potions of heal wounds.
  7072 | D:7      | HP: 10/71 [orc wizard/puff of flame (14)]
  7073 | D:7      | 7073 ||| READING 2 scrolls of teleportation.
  7074 | D:7      | 7074 ||| DRINKING potion of heal wounds.
  7090 | D:7      | HP: 16/71 [kobold brigand/+0 dagger (8)]
  7091 | D:7      | 7091 ||| READING scroll of teleportation.
  7092 | D:7      | HP: 3/71 [killer bee (5)]
  7092 | D:7      | HP: 1/71 [kobold/+0 whip (2)]
  7092 | D:7      | Slain by a kobold brigand

Levels and vault maps discovered:
D:1:      tarquinn_simple_flora_water_a, layout_basic
D:2:      layout_loops_corners, shapermc_ecumenical_altar_rom_forum, uniq_robin
D:3:      layout_rooms, nicolae_overflow_ecumenical_swirl, tso_altar,
          gup_sewer_entry_bubbles
D:4:      layout_rooms, lemuel_round_altar, serial_shops, shop
D:5:      layout_basic, mainiacjoe_overflow_tiny_flanked,
          mainiacjoe_overflow_large_starburst,
          chequers_temple_overflow_statue_of_worship, minivault_19
D:6:      layout_cave_pools, dk_yredelemnul_ordeal, overflow_temple_1_default,
          mainiacjoe_overflow_paths, uniq_edmund, uniq_menkaure
D:7:      gammafunk_the_bubble [the_bubble_gammafunk_grid], layout_basic,
          minmay_temple_entry_stoned_glass, nicolae_ossuary_entry_catacombs,
          serial_shops, nicolae_shop_trees

Skill      XL: |  1  2  3  4  5  6  7  8 |
---------------+-------------------------+-----
Ranged Weapons | 3 4 5 6 7 8 10 | 10.0
Fighting       | 2 3 4 5 6 |  6.7
Armour         | 1 2 |  2.4
Dodging        | 3 |  3.0
Spellcasting   | |  1.0
Hexes          | |  2.0

Action                     |  1- 3 |  4- 6 |  7- 9 || total
---------------------------+-------+-------+-------++-------
   Fire: Sling             |   104 |   345 |   198 ||   647
    Use: Scroll            |     4 |    10 |     7 ||    21
         Potion            |     1 |     2 |     4 ||     7
 Armour: Robe              |     3 |       |       ||     3
         Ring mail         |    22 |    87 |    43 ||   152
  Dodge: Dodged            |    56 |   142 |    70 ||   268

Table legend:
 A = Non-vault XP
 B = Vault XP
 C = Vault XP percentage of total XP
 D = Non-vault monster count
 E = Vault monster count
 F = Vault count percentage of total count
                 A         B        C        D         E       F
            +---------+---------+-------+---------+---------+-------
      Total |    1764 |     551 |  23.8 |     100 |      56 |  35.9
            +---------+---------+-------+---------+---------+-------
        D:1 |      53 |       0 |   0.0 |      16 |       0 |   0.0
        D:2 |      57 |      34 |  37.4 |      18 |      11 |  37.9
        D:3 |      50 |      25 |  33.3 |      19 |       7 |  26.9
        D:4 |     316 |       0 |   0.0 |      15 |       0 |   0.0
        D:5 |     731 |       0 |   0.0 |      18 |       0 |   0.0
        D:6 |     361 |     327 |  47.5 |       8 |       3 |  27.3
        D:7 |     196 |       3 |   1.5 |       6 |       1 |  14.3
      Sewer |       0 |     162 | 100.0 |       0 |      34 | 100.0
            +---------+---------+-------+---------+---------+-------
